Cogmind - Beta 13 @@@ ROGUE MODE // 2024.03.08 @ 13:22:14 Player: Yorkinshire Result: Smashed by cave-in Performance ------------- Evolutions (1) 500 Regions Visited (2) 400 Robots Destroyed (14) 70 Value Destroyed (326) 326 Prototype IDs (0) 0 Alien Tech Used (0) 0 Bonus (0) 0 TOTAL SCORE: 1296 Bonus ------- None Cogmind --------- Core Integrity 0/400 Matter 231/400 Energy 100/100 System Corruption 0% Temperature Cool (0) Movement Core (150) Ox2 Location -9/Materials Parts ------- > --- POWER (1) -------- (None) > --- PROPULSION (3) --- (None) > --- UTILITY (3) ------ Small Storage Unit Medium Matter Pod > --- WEAPON (2) ------- (None) > --- INVENTORY (8) ---- Ion Engine Light Ion Engine Aluminum Leg Medium Storage Unit Signal Interpreter Light Assault Rifle Light Assault Rifle Grenade Launcher Peak State ------------ > --- POWER ------------ Light Nuclear Core > --- PROPULSION ------- Aluminum Leg Aluminum Leg > --- UTILITY ---------- Small Storage Unit Tractor Beam > --- WEAPON ----------- Assault Rifle Assault Rifle > --- INVENTORY -------- Ion Engine Light Ion Engine Light Ion Engine Aluminum Leg Aluminum Leg Medium Storage Unit Light Assault Rifle [Rating: 9] Favorites ----------- Power Ion Engine Engine Ion Engine Power Core Light Nuclear Core Propulsion Aluminum Leg Leg Aluminum Leg Utility Small Storage Unit Device Tractor Beam Storage Small Storage Unit Weapon Assault Rifle Ballistic Gun Assault Rifle Launcher Grenade Launcher Build | -11 -10 -9 ------- Run | Yrd Mat Mat Slots Evolved 2 | . . 2 Power . | . . . Propulsion 1 | . . 1 Utility 1 | . . 1 Weapon . | . . . Parts Attached 26 | 7 13 6 Power 4 | 1 2 1 Engine 3 | 1 1 1 Core 1 | . 1 . Reactor . | . . . Propulsion 8 | 2 4 2 Treads . | . . . Leg 8 | 2 4 2 Wheel . | . . . Hover . | . . . Flight . | . . . Utility 7 | 2 4 1 Device 4 | 1 2 1 Storage 3 | 1 2 . Processor . | . . . Hackware . | . . . Protection . | . . . Artifact . | . . . Weapon 7 | 2 3 2 Energy Gun . | . . . Energy Cannon . | . . . Ballistic Gun 6 | 2 3 1 Ballistic Cannon . | . . . Launcher 1 | . . 1 Special Weapon . | . . . Impact Weapon . | . . . Slashing Weapon . | . . . Piercing Weapon . | . . . Special Melee Weapon . | . . . Unidentified Prototypes . | . . . Parts Lost 7 | . . 7 Power 1 | . . 1 Propulsion 3 | . . 3 Utility 1 | . . 1 Weapon 2 | . . 2 Highest Loss Streak 7 | . . 7 To Critical Strikes . | . . . Average Slot Usage (%) 97 | . 100 87 Engine 9 | . 9 7 Core 3 | . 4 . Leg 28 | . 28 28 Device 10 | . 11 8 Storage 17 | . 16 22 Ballistic Gun 25 | . 28 17 Naked Turns . | . . . Heaviest Build 17 | 15 15 17 Greatest Support 30 | 20 20 30 Greatest Overweight (x) 2 | . . 2 Average Overweight (x) . | . . . Largest Inventory Capacity 8 | 8 8 8 Average Capacity 7 | 7 8 8 Most Carried 8 | 4 8 8 Average Carried 6 | 1 6 7 Final Capacity 8 | 8 8 8 Final Carried 8 | 3 8 8 Class Distribution -------------------- 82% | Mutant 17% | Scavenger-Mutant Dominant Class ---------------- Mutant | -10/Materials Scavenger-Mutant | -9/Materials Resources | -11 -10 -9 ----------- Run | Yrd Mat Mat Matter Collected 645 | 264 334 47 Remotely 535 | 264 271 . Salvage Created 511 | 50 433 28 Parts 35 | 3 27 5 Haulers Intercepted . | . . . Recyclers Shooed . | . . . Parts Field Recycled . | . . . Retrieved Matter . | . . . Parts Self-Destructed . | . . . Prevented . | . . . Kills | -11 -10 -9 ------- Run | Yrd Mat Mat Combat Hostiles Destroyed 12 | . 10 2 Guns 12 | . 10 2 Classes Destroyed 3 | 1 2 . Recycler 2 | 1 1 . Swarmer 5 | . 3 2 Grunt 7 | . 7 . Best Kill Streak 4 | 1 4 2 Combat Bots Only 3 | . 3 2 Max Kills in Single Turn 1 | 1 1 1 Gunslinging . | . . . Exploded . | . . . Melee . | . . . Uniques/NPCs Destroyed . | . . . Combat | -11 -10 -9 -------- Run | Yrd Mat Mat Hostile Shots Fired 156 | . 60 96 Missed 36 | . 12 24 Damage Taken 1562 | . 548 1014 Core 553 | . 129 424 Absorbed by Shields . | . . . Core Remaining (%) 74 | 100 48 . Volleys Fired 54 | 1 37 16 Largest 2 | 1 2 2 Hottest 40 | 20 40 40 Shots Fired 100 | 1 74 25 Gun 93 | 1 74 18 Cannon . | . . . Launcher 7 | . . 7 Special . | . . . Kinetic 93 | 1 74 18 Thermal . | . . . Explosive 7 | . . 7 Electromagnetic . | . . . Robot Hit Streak 8 | 1 8 8 Robot Miss Streak 6 | . 4 6 Penetration Max . | . . . Secondary Targets 1 | . 1 . Max Gunslinging Chain 1 | . 1 . Shots Hit Robots 57 | 1 40 16 Core Hits 28 | 1 20 7 Critical Kills . | . . . Critical Parts Destroyed . | . . . Critical Strikes . | . . . Melee Attacks . | . . . Impact . | . . . Slashing . | . . . Piercing . | . . . Sneak Attacks . | . . . Combat Hostiles . | . . . Follow-up Attacks . | . . . Damage Inflicted 755 | 15 501 239 Guns 598 | 15 501 82 Cannons . | . . . Explosions 157 | . . 157 Melee . | . . . Ramming . | . . . Kinetic 598 | 15 501 82 Thermal . | . . . Explosive 157 | . . 157 Electromagnetic . | . . . Impact . | . . . Slashing . | . . . Piercing . | . . . Highest Corruption . | . . . Average Corruption . | . . . Corruption Purged . | . . . Corruption Blocked . | . . . Overload Shots . | . . . Overflow Damage . | . . . Projectiles . | . . . Explosions . | . . . Melee . | . . . Knockbacks . | . . . Impact . | . . . Kinetic . | . . . Secondary . | . . . Self-Inflicted Damage . | . . . Shots . | . . . Rammed . | . . . Targets Rammed . | . . . Kicked . | . . . Crushed . | . . . Highest Temperature 20 | . 20 2 Average Temperature 4 | . 5 1 Received Heat Transfer 555 | . 258 297 Siege Activations . | . . . Robots Corrupted . | . . . Combat Hostiles . | . . . Parts Fried . | . . . Impact Corruptions . | . . . Robots Melted . | . . . Combat Hostiles . | . . . Parts Melted . | . . . Heat Transferred . | . . . Parts Sabotaged . | . . . Parts Stolen . | . . . Parts Stripped . | . . . Power Chain Reactions . | . . . Alert | -11 -10 -9 ------- Run | Yrd Mat Mat Peak Influence 213 | 5 213 150 Initial 51 | . 3 51 Average 83 | 2 91 91 Maximum Alert Level 1 | . 1 . Low Security (%) 93 | 100 89 100 Level 1 6 | . 10 . Level 2 . | . . . Level 3 . | . . . Level 4 . | . . . Level 5 . | . . . High Security . | . . . Max Security . | . . . Squads Dispatched 1 | . 1 . Investigation . | . . . Extermination . | . . . Reinforcement 1 | . 1 . Assault . | . . . Garrison . | . . . Intercept . | . . . Searches Triggered . | . . . Construction Impeded . | . . . Haulers Reinforced . | . . . Active Scanning Responses . | . . . Cargo Convoy Interrupts . | . . . Stealth | -11 -10 -9 --------- Run | Yrd Mat Mat Distress Signals 1 | . 1 . Communications Jammed . | . . . Distress Signals . | . . . Times Spotted 20 | . 15 5 Peak Tracking Total 7 | . 7 3 Tactical Retreats 1 | . 1 . Traps | -11 -10 -9 ------- Run | Yrd Mat Mat Traps Triggered . | . . . Indirectly . | . . . Trap Hack Attempts . | . . . Triggered . | . . . Disarmed . | . . . Reprogrammed . | . . . Reused . | . . . Traps Extracted . | . . . Installed . | . . . Triggered . | . . . Machines | -11 -10 -9 ---------- Run | Yrd Mat Mat Machines Disabled . | . . . Max in Single Turn . | . . . Machines Repaired . | . . . Machines Dismantled . | . . . Machines Sabotaged . | . . . Overloaded Fab Kills . | . . . Hacking | -11 -10 -9 --------- Run | Yrd Mat Mat Machines Accessed 6 | . 4 2 Terminals 4 | . 3 1 Fabricators . | . . . Repair Stations . | . . . Recycling Units 1 | . 1 . Scanalyzers 1 | . . 1 Garrison Access . | . . . Total Hacks 21 | . 18 3 Successful 16 | . 13 3 Failed 5 | . 5 . Catastrophic . | . . . Database Lockouts . | . . . Manual . | . . . Terminals 14 | . 13 1 Fabricators . | . . . Repair Stations . | . . . Recycling Units 5 | . 5 . Scanalyzers 2 | . . 2 Garrison Access . | . . . Terminal Hacks 10 | . 9 1 Record 3 | . 3 . Emergency Access Points 2 | . 2 . Alert Level 2 | . 2 . Locate Traps 1 | . 1 . Hauler Manifests 1 | . 1 . Zone Layout 1 | . . 1 Fabricator Hacks . | . . . Repair Station Hacks . | . . . Recycling Unit Hacks 4 | . 4 . Recycle Component 1 | . 1 . Process 1 | . 1 . Retrieve Matter 1 | . 1 . Retrieve Components 1 | . 1 . Scanalyzer 2 | . . 2 Insert Component 1 | . . 1 Analyze 1 | . . 1 Garrison Access Hacks . | . . . Unauthorized Hacks . | . . . Terminals . | . . . Fabricators . | . . . Repair Stations . | . . . Recycling Units . | . . . Scanalyzers . | . . . Garrison Access . | . . . Data Cores Recovered . | . . . Used . | . . . Hacking Detections 4 | . 3 1 Full Trace Events . | . . . Feedback Events . | . . . Feedback Blocked . | . . . Robot Schematics Acquired . | . . . Robots Built . | . . . Authchips . | . . . Time . | . . . Total Robot Build Rating . | . . . Part Schematics Acquired 1 | . . 1 Parts Built . | . . . Authchips . | . . . Time . | . . . Total Part Build Rating . | . . . Parts Repaired . | . . . Time . | . . . Parts Recycled 1 | . 1 . Recycled Matter 60 | . 60 . Retrieved Matter 60 | . 60 . Retrieved Components . | . . . Parts Scanalyzed 1 | . . 1 Part Schematics Acquired 1 | . . 1 Parts Damaged . | . . . Bothacking | -11 -10 -9 ------------ Run | Yrd Mat Mat Used RIF Installer . | . . . Robots Hacked . | . . . Non-combat . | . . . Combat . | . . . Robot Hacks Applied . | . . . Relay Couplers Released . | . . . Fabnet Peak Effective % . | . . . Robots Rewired . | . . . Allies Hacked . | . . . Hacks Repelled . | . . . Allies | -11 -10 -9 -------- Run | Yrd Mat Mat Total Allies . | . . . Largest Group . | . . . Highest-Rated Group . | . . . Highest-Rated Ally . | . . . Total Orders . | . . . Ally Attacks . | . . . Total Damage . | . . . Kills . | . . . Allies Corrupted . | . . . Allies Melted . | . . . Intel | -11 -10 -9 ------- Run | Yrd Mat Mat Robot Analysis Total . | . . . Derelict Logs Recovered . | . . . Drone Launches . | . . . Drone Recoveries . | . . . Exploration | -11 -10 -9 ------------- Run | Yrd Mat Mat Turns Passed 836 | 76 578 182 Spaces Moved 482 | 38 339 105 Core 15 | 3 . 12 Treads . | . . . Legs 467 | 35 339 93 Wheels . | . . . Hover . | . . . Flight . | . . . Fastest Speed 50 | 50 120 120 Average Speed 121 | 114 120 127 Slowest Speed 190 | 120 120 190 Overloaded Moves . | . . . Propulsion Burnouts . | . . . Robots Hopped . | . . . Cave-ins Triggered 1 | . . 1 Exploration Rate (%) 18 | 5 41 10 Regions Visited 2 Branch Regions . Pre-discovered Areas . | . . . Known Exits Taken . | . . . Unknown Exits Taken 2 | 1 1 . Scrap Searched . | . . . Spaces Dug . | . . . Terrain Destroyed 23 | . . 23 Melee . | . . . Projectile . | . . . AOE 23 | . . 23 Terrain Rammed . | . . . Walls Destroyed . | . . . Machines Disabled . | . . . Actions | -11 -10 -9 --------- Run | Yrd Mat Mat Total 642 | 67 443 132 Wait 45 | 14 28 3 Move 480 | 37 338 105 Hop . | . . . Pick Up 21 | 6 14 1 Fast Attach 7 | 6 1 . Attach 4 | 1 . 3 Detach 1 | . . 1 Swap 15 | . 12 3 Drop 15 | 2 13 . Fire 54 | 1 37 16 Melee . | . . . Ram . | . . . Kick . | . . . Crush . | . . . Escape Stasis . | . . . Rewire . | . . . Trap . | . . . Miscellaneous . | . . . Route ------- -11/Scrapyard -10/Materials (discovered 2 exits: *Mat / [*Min]) -9/Materials History --------- Turn | Location | Event 22 | -11/Scrapyard | Discovered new exit (range 16) 77 | -11/Scrapyard | Entered Materials 300 | -10/Materials | Build established: Mutant 453 | -10/Materials | Discovered new exit (range 10) 603 | -10/Materials | Core integrity fell below 50% 632 | -10/Materials | Discovered new exit (range 13) 655 | -10/Materials | Entered another Materials area 655 | -9/Materials | Evolved 2 slots: Propulsion x1, Utility x1 824 | -9/Materials | Core integrity fell below 50% 833 | -9/Materials | Core integrity fell below 20% 838 | -9/Materials | Crushed by falling debris 838 | -9/Materials | Smashed by cave-in Last Messages --------------- walls and earth have a slight glow to them. Consecutive moves through these unstable areas may cause a cave-in, but only if doing so for extended periods. Tunneling a short distance between rooms is safe unless the area was destabilized by an explosion. 00811_ Ion Engine destroyed. 00816_ Lgt. Assault Rifle destroyed. 00817_ Grenade Launcher destroyed. 00819_ Critical hit (Burn: +37). 00820_ The unstable cave ceiling collapses. 00820_ K-01 Serf collects debris. 00820_ Aluminum Leg destroyed. 00825_ K-01 Serf collects debris. 00830_ K-01 Serf cleans the Terminal. 00834_ K-01 Serf collects debris. 00834_ K-01 Serf cleans the Terminal. 00838_ The unstable cave ceiling collapses. 00838_ Crushed by falling debris. [Achievement: Unlikely Earthworm] Map ----- +----------------------------------------------------+ | | | | | | | | | | | | | | | | | ?????????????????????????????????????????????????? | | ??????????????????????????????# ????????????? | | ??????????????????????????????# """ ????????????? | | ??????????????????????????????# """ ????????????? | | ???????????????????############ """ ????????????? | | ???????????????????############ ????????????? | | ???????????????????## ########????????????? | | ???????????????????## + ????????????? | | ???????????????????## # ????????????? | | ???????????????????## # #####????????????? | | ####???????????????## # ## ????????????? | | ####??######???????## ; ## ????????????? | | # ??"" #???????## # ## ""????????????? | | # ??R" #???????## # ## ""????????????? | | # ?? " #?####### Y # ## ""????????????? | | # ?? #?######## ## ## ""????????????? | | # ?? #?## Tk ## ## ""????????????? | | + ?? """ #?## # @ ## ## ????????????? | | # ?? """ #?## ## #####????????????? | | # ?? """ #?## k # ##??????????????? | | # ?? #### Y ##??????????????? | | ############# """ # ##??????????????? | | ####### # """ ###### ##??????????????? | | == # """ ############??????????????? | | *+ ##????######??????????????? | | =* ########/##????????????????????????? | | #####+### ######## ##????????????????????????? | | ## ## ###????## #############?????????????? | | ## ## ###????## ### #?????????????? | | ## """ ## ##????### ### #?????????????? | | ## """ ## ####### # #?????????????? | | ## """ ## # #?????????????? | | ## ## ??????? ??????????????????????????? | | ########## ???? ??????????????????????????? | | # #####???? ??????????????????????????? | | ???????? # #####???????????????????????????????? | | ???????? # # ??????????????????????????????????? | | ???????? # #"??????????????????????????????????? | | ????????## #"??????????????????????????????????? | | ???????? #"??????????????????????????????????? | | ????????? # ??????????????????????????????????? | | ?????????? # ??????????????????????????????????? | +----------------------------------------------------+ Best States ------------- Heat Dissipation 28 Energy Generation 14 Energy Capacity 250 Matter Stores 300 Matter Capacity 400 Sight Range 16 Terrain Scan Density 10 Evasion (%) 55 Item Schematics ----------------- Grenade Launcher | -9/Materials | Scanalyzed Robot Schematics ------------------ None Fabricated ------------ Nothing Alien Tech Used ----------------- None Achievements -------------- Unlikely Earthworm Use The Force Challenges ------------ None Game ------ Seed RiotPowerLeg Manual? 0 Play Time 00:57:32 Cumulative 4.1 hours Start 2024.03.07 @ 15:12:04 End 2024.03.08 @ 13:22:14 Sessions 3 Manual Loads 0 Difficulty Rogue Special Mode None Game No. 6 Rogue 6 Adventurer 0 Explorer 0 Win Type - Total 0 Types 0/0/0/0/0/0/0/0/0 Lore% 1 Gallery% 4 Achievement% 5 Wizard Run 0 Options --------- Layout 1 ASCII 0 Keyboard 1 Movement Mouse Keybinds 0 Fullscreen 1 Font 24/Terminus Map View 50x35 Zoom Use 7% Tactical HUD 1 Map Filters NONE Filters NONE Steam 1 RUN: 5979a991-7ff7-4b84-922d-9bfe0be3a22e